 Dungeon Crawl Stone Soup version 0.28-a0-1087-gf3fc490d9d (webtiles) character file.

Game seed: 6476996577282534261

3622 spaghetti the Spear-Bearer (level 10, -6/94 (100) HPs)
             Began as an Ogre Berserker on Dec 11, 2021.
             Was a Believer of Trog.
             Mangled by Erica (19 damage)
             ... on level 8 of the Dungeon.
             The game lasted 00:13:55 (7023 turns).

spaghetti the Spear-Bearer (Ogre Berserker)         Turns: 7023, Time: 00:13:55

HP:   -6/94 (100)   AC:  5    Str: 27    XL:     10   Next: 11%
MP:   10/10         EV: 10    Int:  8    God:    Trog [**....]
Gold: 276           SH:  0    Dex:  8    Spells: 9/9 levels left

rFire   . . .      SeeInvis .   a - +0 spear {polearm}
rCold   . . .      Faith    .   (no shield)
rNeg    . . .      Spirit   .   b - +0 animal skin
rPois   .          Reflect  .   (helmet restricted)
rElec   .          Harm     .   o - +1 cloak
rCorr   .          Rampage  .   (gloves unavailable)
Will    +....                   (boots unavailable)
Stlth   +.........              (no amulet)
HPRegen 0.25/turn               (no ring)
MPRegen 0.12/turn               (no ring)

@: on berserk cooldown, slowed, drained, very slow
A: large, unfitting armour, tough skin 1
a: Renounce Religion, Berserk, Trog's Hand


You were on level 8 of the Dungeon.
You worshipped Trog.
Trog was pleased with you.
You visited 1 branch of the dungeon, and saw 6 of its levels.

You collected 276 gold pieces.


Innate Abilities, Weirdness & Mutations

You are too large for most types of armour.
You have tough skin. (AC +1)


   Skills:
 + Level 6.4 Fighting
 - Level 14.6 Polearms
 + Level 6.8 Throwing
 - Level 2.6 Dodging


You had 9 spell levels left.
You didn't know any spells.
Your spell library contained the following spells:

 Spells                   Type           Power      Damage    Failure   Level
 Malign Gateway           Summ/Tloc      0%         N/A       100%        7
 Summon Horrible Things   Summ           0%         N/A       100%        8

Inventory:

Hand Weapons
 a - a +0 spear (weapon) {polearm}
 c - a +0 dagger of freezing {short}
   (You found it on level 2 of the Dungeon)
 h - a +3 battleaxe {axe}
   (You took it off a wight on level 8 of the Dungeon)
 r - a +4 quarterstaff of chaos {staff}
   (You took it off Crazy Yiuf on level 3 of the Dungeon)
Missiles
 d - 13 bolts
 k - 3 boomerangs (quivered) {throwing}
 l - 23 stones {throwing}
 q - 35 sling bullets
 v - 4 curare-tipped darts {=fthrowing}
 z - 71 arrows
Armour
 b - a +0 animal skin (worn)
 o - a +1 cloak (worn)
   (You found it on level 3 of the Dungeon)
Jewellery
 e - a ring of protection from cold
   (You found it on level 7 of the Dungeon)
 i - a ring of wizardry
   (You found it on level 2 of the Dungeon)
Wands
 m - a wand of flame (19)
   (You found it on level 2 of the Dungeon)
 n - a wand of iceblast (10)
   (You found it on level 7 of the Dungeon)
 s - a wand of digging (4)
   (You took it off Crazy Yiuf on level 3 of the Dungeon)
Scrolls
 f - 2 scrolls of blinking {unknown}
 j - a scroll of summoning {unknown}
 p - a scroll of teleportation {unknown}
 t - a scroll of torment {unknown}
 y - 2 scrolls of identify {unknown}
 A - a scroll of amnesia {unknown}
Potions
 g - 2 potions of flight

Dungeon Overview and Level Annotations

Branches:
Dungeon (8/15)             Temple (0/1) D:4
   Lair: D:8-11

Altars:
Dithmenos
Fedhas
Hepliaklqana
Okawaru
Sif Muna

Shops:
D:1 :

Annotations:
D:7 exclusion: door
D:8 Erica

..[... #...... #.....
######...# ##...##...#
#.........####+#
.......#..............#
.......#...†..........# ..
#.....##..{@.........#
..##.....##'####..^.....#
.........##...##........#
..........#....#........#
.........#....#...##...# ####
#......'....#...####+##....
#....D##....#...#<.........
...##.....#######...#..........
..........##...##...#....##...


There were no monsters in sight!


Message History

Unknown command.
Things that are here:
a +0 spear {polearm}; a +0 robe Unknown command.
h - a +3 battleaxe {axe}
Things that are here:
a +0 falchion {long}; a +0 robe; a +0 robe You open the door.
There is an open door here.
p - a scroll labelled NAXOCW OQIUBY You now have 259 gold pieces (gained 12).
You open the door.
There is an open door here.
You now have 276 gold pieces (gained 17).
You open the door.
There is an open door here.
An acid dragon comes into view.
The acid dragon roars!
An acid dragon is nearby!
Erica the Fiery-Tempered comes into view.
She is wielding a +4 scimitar of flaming and wearing a +2 robe of positive energy.
Erica shouts!
Erica mumbles some strange words.
Erica flickers and vanishes!
Deactivating autopickup; reactivate with Ctrl-A.
The acid dragon spits acid at you. The splash of acid hits you!
The acid corrodes you! 😕 HP[-13]
You take 13 damage, and now have 77/90 hp.
There is an open door here.
You close the door. 😕 HP[+1]
Something unseen opens the door.
There is an open door here. 😕 HP[+1]
You close the door.
You are no longer corroded. 😕 HP[+1]
Something unseen opens the door.
You start resting.
Something tries to affect you, but you resist. 😕 HP[+1]
A red film seems to cover your vision as you go berserk!
You feel yourself moving faster!
You feel mighty! Something hits you! Something burns you. 😕 HP[+25]
You now have 135 max hp (+45).
You regained 25 hp, and now have 106/135 hp.
Unknown command.
You closely miss the acid dragon. You closely miss the acid dragon.
You puncture the acid dragon! The acid dragon misses you.
The acid dragon claws you but does no damage.
Something hits you! Something burns you. 😮 HP[-18]
You take 18 damage, and now have 88/135 hp.
You puncture the acid dragon! You puncture the acid dragon!
You kill the acid dragon!
Trog accepts your kill. 😮 HP[+2]
You now have 141 max hp (+6).
You regained 2 hp, and now have 90/141 hp.
You barely miss something. Something hits you! Something burns you. 😮 HP[-14]
You take 14 damage, and now have 76/141 hp.
You miss something. 😮 HP[+1]
You puncture something! You closely miss something. Something hits you!
* * * LOW HITPOINT WARNING * * *
Something burns you.
* * * LOW HITPOINT WARNING * * *
😨 HP[-19]
You take 19 damage, and now have 58/141 hp.
You barely miss something. You puncture something! You puncture something!
Something hits you!!
* * * LOW HITPOINT WARNING * * *
Something burns you!
* * * LOW HITPOINT WARNING * * *
😱 HP[-26]
You take 26 damage, and now have 32/141 hp.
You hit something. You puncture something! You miss something.
You hear some strange, mumbled words.
A lance of force appears from out of thin air!
The lance of force hits you!
* * * LOW HITPOINT WARNING * * *
You are knocked back by the lance of force. 😱 HP[-13]
You take 13 damage, and now have 19/141 hp. 😱 HP[+1]
You are too berserk!
You feel a strong urge to attack something.
You are no longer berserk.
You are exhausted.
You feel yourself slow down. Something hits you!!
You die...

Skill      XL: |  1  2  3  4  5  6  7  8  9 10 |
---------------+-------------------------------+-----
Polearms       | 4 5 6 7 8 14 | 14.6
Throwing       | 1 3 4 5 6 |  6.8
Fighting       | 5 6 |  6.4
Dodging        | |  2.6

Action                   |  1- 3 |  4- 6 |  7- 9 | 10-12 || total
-------------------------+-------+-------+-------+-------++-------
Melee: Spear             |   128 |    78 |       |    15 ||   221
       Quarterstaff      |       |    38 |    88 |     9 ||   135
Invok: Berserk           |     5 |     7 |     6 |     2 ||    20
       Trog's Hand       |       |       |     1 |       ||     1
  Use: Potion            |       |     1 |     8 |       ||     9
 Stab: Sleeping          |     1 |       |     1 |       ||     2
Armor: Animal skin       |    18 |    29 |    30 |     2 ||    79
Dodge: Dodged            |    40 |    51 |    70 |     7 ||   168

Levels and vault maps discovered:
D:1:      erik_arrival_triangle_small, layout_basic, serial_shops,
          nicolae_shop_stone, serial_co_window_serial, co_window_paths_a,
          co_window_of_opportunity_a, co_window_corner_a, co_window_corner_a,
          co_window_of_opportunity_a, co_window_corner_cb, co_window_corner_ca,
          co_window_corner_b, co_window_broadway_b, co_window_corner_b,
          glass_columns_a, glass_columns_b
D:2:      layout_loops_ring, hellmonk_ecumenical_altar_zigzags
D:3:      layout_basic, chequers_hall_statues_corner_a, uniq_crazy_yiuf_cottage,
          uniq_jessica
D:4:      layout_basic, mainiacjoe_overflow_cross_hatched,
          minmay_temple_entry_glass, gup_sewer_entry_bubbles,
          chequers_serial_rivers_room_b, kennysheep_opposing_triangles
D:7:      minmay_inner_zag, layout_rooms, worldfamousw_hep_ancestral_shrine,
          led_sif_book, mainiacjoe_overflow_catwalk, general_overflow_altar,
          kennysheep_crisscross, minmay_misc_feat_rugged
D:8:      layout_gridville, nicolae_gozag_seed_capital, minmay_misc_feat_plants,
          uniq_erica

Notes
Turn   | Place    | Note
-------+----------+-------------------------------------------
     0 | D:1      | spaghetti the Ogre Berserker began the quest for the Orb.
     0 | D:1      | Reached XP level 1. HP: 24/24 MP: 1/1
     0 | D:1      | magus.rc [v1.9.6]
    14 | D:1      | Found Isedoi's Book Emporium.
   210 | D:1      | Reached XP level 2. HP: 32/32 MP: 2/2
   665 | D:1      | Reached skill level 4 in Polearms
  1131 | D:1      | Reached XP level 3. HP: 39/39 MP: 3/3
  1659 | D:2      | You add the spells Malign Gateway and Summon Horrible
                  | Things to your library.
  2329 | D:2      | Found a faded altar of an unknown god.
  2359 | D:2      | Reached XP level 4. HP: 48/48 MP: 4/4
  2986 | D:3      | Reached skill level 1 in Throwing
  3216 | D:3      | Noticed Jessica
  3226 | D:3      | Killed Jessica
  3227 | D:3      | Reached skill level 5 in Polearms
  3394 | D:3      | Reached ** piety under Trog
  3472 | D:3      | Reached XP level 5. HP: 51/54 MP: 5/5
  3727 | D:3      | Found a runed translucent door.
  3728 | D:3      | Noticed Crazy Yiuf
  3871 | D:3      | Killed Crazy Yiuf
  3872 | D:3      | Reached skill level 2 in Throwing
  4006 | D:4      | Found a staircase to the Ecumenical Temple.
  4007 | D:4      | Noticed a water moccasin
  4016 | D:4      | Killed a water moccasin
  4017 | D:4      | Reached skill level 3 in Throwing
  4017 | D:4      | Reached XP level 6. HP: 62/62 MP: 6/6
  4178 | D:4      | Reached skill level 6 in Polearms
  4535 | D:4      | Found a blossoming altar of Fedhas.
  4567 | D:4      | Reached skill level 4 in Throwing
  4567 | D:4      | Reached XP level 7. HP: 69/70 MP: 7/7
  4670 | D:4      | You fall into a shaft and drop 3 floors!
  4889 | D:7      | Found a shimmering blue altar of Sif Muna.
  4910 | D:7      | Found a shadowy altar of Dithmenos.
  5033 | D:7      | Reached skill level 7 in Polearms
  5033 | D:7      | Reached skill level 5 in Throwing
  5087 | D:7      | Reached XP level 8. HP: 44/78 MP: 8/8
  5092 | D:7      | HP: 14/78 [something (9)]
  5454 | D:7      | Found an iron altar of Okawaru.
  5721 | D:7      | Found a hazy altar of Hepliaklqana.
  5765 | D:7      | Reached skill level 8 in Polearms
  5774 | D:7      | Reached skill level 6 in Throwing
  5957 | D:7      | Reached skill level 5 in Fighting
  5964 | D:7      | Identified the +1 scale mail of the Ghostly Jabberwock
                  | {rPois rF- rC++}
  5968 | D:7      | HP: 19/80 [centaur (5)]
  6558 | D:7      | Reached XP level 9. HP: 89/89 MP: 9/9
  6697 | D:8      | HP: 16/80 [wight (9)]
  6704 | D:8      | Identified a potion of experience
  6704 | D:8      | Reached skill level 14 in Polearms
  6704 | D:8      | Reached XP level 10. HP: 46/89 MP: 10/10
  6709 | D:8      | Reached skill level 6 in Fighting
  6985 | D:8      | Noticed Erica
  7017 | D:8      | HP: 32/141 [something (8)]
  7023 | D:8      | Mangled by Erica

Vanquished Creatures
  An acid dragon (D:8)
  A water moccasin (D:4)
  2 orc warriors (D:7)
  An ice beast (D:7)
  2 ogres (D:7)
  3 centaurs (D:7)
  A phantom (D:7)
  3 bullfrogs
  A scorpion (D:4)
  10 wights
  Crazy Yiuf (D:3)
  A jelly (D:7)
  An orc priest (D:7)
  Jessica (D:3)
  A centaur skeleton (D:7)
  2 orc wizards (D:7)
  An iguana (D:7)
  4 gnolls
  6 adders
  2 shadow imps (D:7)
  An adder skeleton (D:4)
  2 dart slugs (D:1)
  2 orcs
  13 endoplasms
  A giant cockroach (D:1)
  5 goblins
  5 hobgoblins
  3 jackals (D:4)
  4 quokkas
  10 ball pythons
  2 bats
  3 frilled lizards
  9 kobolds
  7 rats
112 creatures vanquished.

Table legend:
 A = Non-vault XP
 B = Vault XP
 C = Vault XP percentage of total XP
 D = Non-vault monster count
 E = Vault monster count
 F = Vault count percentage of total count
                 A         B        C        D         E       F
            +---------+---------+-------+---------+---------+-------
      Total |    2205 |     635 |  22.4 |     100 |      12 |  10.7
            +---------+---------+-------+---------+---------+-------
        D:1 |      42 |       0 |   0.0 |      22 |       0 |   0.0
        D:2 |      55 |       0 |   0.0 |      20 |       0 |   0.0
        D:3 |      51 |      79 |  60.8 |      17 |       2 |  10.5
        D:4 |     421 |       3 |   0.7 |      18 |       2 |  10.0
        D:7 |    1190 |     553 |  31.7 |      17 |       8 |  32.0
        D:8 |     446 |       0 |   0.0 |       6 |       0 |   0.0
            +---------+---------+-------+---------+---------+-------

Illustrated notes

Table legend:
 A = Kills in this place as a percentage of kills in entire the game.
 B = Kills by you in this place as a percentage of kills by you in the entire game.
 C = Kills by friends in this place as a percentage of kills by friends in the entire game.
 D = Other kills in this place as a percentage of other kills in the entire game.
 E = Experience gained in this place as a percentage of experience gained in the entire game.
 F = Experience gained in this place divided by the number of levels of this place that you have seen.
                   A       B       C       D       E      F
               +-------+-------+-------+-------+-------+----------------------
         Total | 100.0 | 100.0 |   N/A | 100.0 | 100.0 | 473.3
       Dungeon | 100.0 | 100.0 |   N/A | 100.0 | 100.0 | 473.3
               +-------+-------+-------+-------+-------+----------------------

Table legend: (Time is in decaauts)
 A = Elapsed time spent in this place.
 B = Non-inter-level travel time spent in this place.
 C = Inter-level travel time spent in this place.
 D = Time resting spent in this place.
 E = Time spent auto-exploring this place.
 F = Levels seen in this place.
 G = Mean time per level.
                   A        B        C        D        E       F      G
               +--------+--------+--------+--------+--------+-----+--------+
         Total |   7152 |   7076 |     76 |   3136 |   3213 |   6 | 1192.0 |
       Dungeon |   7152 |   7076 |     76 |   3136 |   3213 |   6 | 1192.0 |
               +--------+--------+--------+--------+--------+-----+--------+

Top non-repeatable levels by time:
     D:7: 2053 daAuts
     D:1: 1671 daAuts
     D:3: 1299 daAuts
     D:2: 1175 daAuts
     D:4: 624 daAuts
     D:8: 327 daAuts
